 Dungeon Crawl Stone Soup version 0.21.0-37-g46506fa (webtiles) character file.

3301 Andry07 the Protected (level 10, 0/66 HPs)
             Began as a Gargoyle Fighter on Feb 1, 2018.
             Was an Elder of Okawaru.
             Slain by a centaur (3 damage)
             ... on level 9 of the Dungeon.
             The game lasted 00:10:19 (8608 turns).

Andry07 the Protected (Gargoyle Fighter)            Turns: 8608, Time: 00:10:20

Health: 0/66       AC: 26    Str: 23    XL:     10   Next: 1%
Magic:  10/10      EV:  7    Int:  9    God:    Okawaru [****..]
Gold:   534        SH:  9    Dex:  9    Spells: 5/9 levels left

rFire    . . .     SeeInvis .   y - +2 flail (protect)
rCold    . . .     Gourm    .   c - +0 shield
rNeg     + . .     Faith    .   b - +0 scale mail
rPois    ∞         Spirit   .   (no helmet)
rElec    +         Reflect  .   B - +0 cloak
rCorr    .         Harm     .   A - +0 pair of gloves
MR       .....                  (no boots)
Stlth    ..........             (no amulet)
HPRegen  0.21/turn              (no ring)
MPRegen  0.12/turn              (no ring)

@: protection aura
A: negative energy resistance 1, electricity resistance, unbreathing,
petrification resistance, rot immunity, AC +7
a: Heroism, Renounce Religion


You were on level 9 of the Dungeon.
You worshipped Okawaru.
Okawaru was greatly pleased with you.
You were very hungry.

You visited 2 branches of the dungeon, and saw 11 of its levels.

You collected 534 gold pieces.

Inventory:

Hand Weapons
 a - a +0 long sword
 y - a +2 flail of protection (weapon)
Missiles
 J - 4 tomahawks of returning (quivered)
Armour
 b - a +0 scale mail (worn)
 c - a +0 shield (worn)
 A - a +0 pair of gloves (worn)
 B - a +0 cloak (worn)
Jewellery
 L - a +1 ring of evasion {unknown}
Wands
 s - a wand of flame (42)
 H - a wand of scattershot (5)
 I - a wand of polymorph (14)
 K - a wand of disintegration (16)
 M - a wand of acid (9)
Scrolls
 g - 4 scrolls of amnesia
 i - a scroll of brand weapon {unknown}
 k - 3 scrolls of fear
 l - 3 scrolls of enchant armour
 p - 4 scrolls of remove curse
 q - 3 scrolls of magic mapping {unknown}
 r - 3 scrolls of immolation {unknown}
 u - a scroll of enchant weapon {unknown}
 x - 2 scrolls of teleportation {unknown}
 F - a scroll of fog {unknown}
 G - a scroll of noise {unknown}
Potions
 d - a potion of might
 e - a potion of resistance {unknown}
 h - a potion of magic {unknown}
 j - 2 potions of degeneration {unknown}
 m - a potion of cancellation {unknown}
 n - 2 potions of agility
 o - 3 potions of lignification {unknown}
 t - 2 potions of heal wounds {unknown}
 v - 4 potions of curing {unknown}
 w - 2 potions of flight {unknown}
 z - 2 potions of haste {unknown}
 C - 2 potions of invisibility {unknown}
Books
 D - a book of Changes

   Spells                             Type                      Level
   a - Beastly Appendage              Transmutation                1
   b - Sticks to Snakes               Transmutation                2
   c - Spider Form                    Transmutation/Poison         3
   d - Ice Form                       Ice/Transmutation            4
   e - Blade Hands                    Transmutation                5
 E - a book of Battle

   Spells                             Type                      Level
   a - Infusion                       Charms                       1
   b - Shroud of Golubria             Charms/Translocation         2
   c - Song of Slaying                Charms                       2
   d - Spectral Weapon                Hexes/Charms                 3
   e - Regeneration                   Charms/Necromancy            3
Comestibles
 f - 9 rations


   Skills:
 - Level 9.1 Fighting
 - Level 1.7 Long Blades
 + Level 4.6 Maces & Flails
 - Level 11.5 Armour
 - Level 3.2 Shields


You had 5 spell levels left.
You knew the following spells:

 Your Spells              Type           Power        Failure   Level  Hunger
a - Shroud of Golubria    Chrm/Tloc      #.........   99%         2    ###....
b - Song of Slaying       Chrm           #.......     99%         2    ###....


Dungeon Overview and Level Annotations

Branches:
Dungeon (10/15)            Temple (1/1) D:4             Orc (0/2) D:9
   Lair: D:8-11

Altars:
Ashenzari
Cheibriados
Dithmenos
Elyvilon
Fedhas
Gozag
Hepliaklqana
Kikubaaqudgha
Makhleb
Nemelex Xobeh
Okawaru
Qazlal
Ru
Sif Muna
Trog
Uskayaw
Vehumet
Wu Jian
Xom
Yredelemnul
Zin
The Shining One

Shops:
D:6 (

Annotations:
D:4 Prince Ribbit


Innate Abilities, Weirdness & Mutations

You are resistant to torment.
Your stone body is resilient. (AC +7)
You are immune to poison.
You resist negative energy. (rN+)
You are resistant to electric shocks. (rElec)
You can survive without breathing.
You are immune to petrification.
You are immune to rotting.


Message History

The centaur shouts!
The orc shouts!
You hear a screech!
You hear a shout!
There is a stone staircase leading up here.
You block the centaur's attack.
You climb upwards.
You block something's attack. x2
There is a stone staircase leading down here.
You thump the centaur!
Your weapon exudes an aura of protection.
The centaur is heavily wounded.
Something hits you but does no damage.
The centaur hits you but does no damage. x2
You hit the centaur.
The centaur is severely wounded.
Something hits you but does no damage. You block the centaur's attack.
Something completely misses you. You block the centaur's attack.
You hit the centaur.
The centaur is almost dead.
Something hits you but does no damage. Something hits you.
* * * LOW HITPOINT WARNING * * *
The centaur hits you.
You die...

#.....#.....#.#........
#.....#.....#.#.....#'#
#.....#.....#.#.....#..
###.....#######.#.....+..
#...............'.....#..
#...............###...###
#[................#......
#........c........#......
#.......@.........#......
#........÷[.......##.....
#..................#.....
#...........(......#...##
#...............####...#
########........#......#
#........########
#................
#............###


You could see a centaur.

Vanquished Creatures
  3 yaks (D:8)
  A hungry ghost (D:8)
  A two-headed ogre zombie (D:9)
  An ice beast (D:8)
  A phantom (D:9)
  2 ogres
  2 black bears
  A necrophage (D:8)
  2 centaurs
  Blork the orc (D:4)
  2 bullfrogs
  A wyvern skeleton (D:8)
  A water moccasin zombie (D:5)
  6 scorpions
  5 killer bees (D:7)
  2 troll zombies (D:9)
  2 howler monkeys (D:9)
  3 crimson imps
  5 hounds
  3 orc priests
  Crazy Yiuf (D:3)
  A centaur skeleton (D:7)
  5 orc wizards
  Ijyb (D:3)
  An iguana (D:5)
  4 worker ants
  6 adders
  2 white imps (D:8)
  An ufetubus (D:8)
  An ooze (D:1)
  4 worms
  2 dart slugs
  3 leopard geckos (D:2)
  17 orcs
  7 giant cockroaches
  6 hobgoblins
  8 jackals (D:3)
  A quokka (D:4)
  A bat (D:1)
  5 frilled lizards
  7 goblins
  A goblin skeleton (D:9)
  A goblin zombie (D:9)
  A jackal zombie (D:6)
  10 kobolds
  An orc skeleton (D:9)
  8 orc zombies (D:9)
  A quokka zombie (D:9)
  11 rats
163 creatures vanquished.

Notes
Turn   | Place    | Note
-------+----------+-------------------------------------------
     0 | D:1      | Andry07 the Gargoyle Fighter began the quest for the Orb.
     0 | D:1      | Reached XP level 1. HP: 14/14 MP: 1/1
   236 | D:1      | Reached XP level 2. HP: 20/20 MP: 2/2
   766 | D:1      | Reached XP level 3. HP: 21/24 MP: 3/3
   929 | D:2      | Reached skill level 5 in Fighting
   973 | D:3      | Reached XP level 4. HP: 29/31 MP: 4/4
  1165 | D:3      | Noticed Ijyb
  1181 | D:3      | Killed Ijyb
  1246 | D:3      | Reached XP level 5. HP: 14/36 MP: 5/5
  1478 | D:3      | Found a runed door.
  2313 | D:3      | Noticed Crazy Yiuf
  2318 | D:3      | Killed Crazy Yiuf
  2400 | D:4      | Found a staircase to the Ecumenical Temple.
  2450 | Temple   | Entered the Ecumenical Temple
  2501 | Temple   | Became a worshipper of Warmaster Okawaru
  2567 | D:4      | Noticed an ogre
  2571 | D:4      | Killed an ogre
  2571 | D:4      | Reached XP level 6. HP: 44/44 MP: 6/6
  2688 | D:4      | Noticed Blork the orc
  2703 | D:4      | Killed Blork the orc
  2703 | D:4      | Reached XP level 7. HP: 11/50 MP: 7/7
  3408 | D:5      | Entered Level 5 of the Dungeon
  3603 | D:5      | Noticed Prince Ribbit
  4254 | D:5      | Reached * piety under Okawaru
  4752 | D:5      | Learned a level 2 spell: Shroud of Golubria
  4755 | D:5      | Learned a level 2 spell: Song of Slaying
  4823 | D:6      | Reached skill level 4 in Armour
  4864 | D:6      | Found Coniu's Weapon Boutique.
  4904 | D:6      | Reached skill level 5 in Armour
  5053 | D:6      | Reached XP level 8. HP: 46/56 MP: 8/8
  5129 | D:6      | Reached skill level 6 in Armour
  5159 | D:6      | Reached ** piety under Okawaru
  5289 | D:7      | Reached skill level 7 in Armour
  5546 | D:7      | Found a stormy altar of Qazlal.
  5668 | D:7      | Reached skill level 8 in Armour
  6023 | D:7      | Reached skill level 9 in Armour
  6507 | D:8      | Reached XP level 9. HP: 36/60 MP: 9/9
  6663 | D:8      | Reached *** piety under Okawaru
  6679 | D:8      | Reached skill level 10 in Armour
  6800 | D:8      | Reached skill level 11 in Armour
  7407 | D:9      | Found a staircase to the Orcish Mines.
  8057 | D:9      | Reached skill level 1 in Maces & Flails
  8203 | D:9      | Reached **** piety under Okawaru
  8463 | D:9      | Reached XP level 10. HP: 65/66 MP: 10/10
  8603 | D:10     | Entered Level 10 of the Dungeon
  8608 | D:9      | HP: 3/66 [something (5)]
  8608 | D:9      | Slain by a centaur

Skill      XL: |  1  2  3  4  5  6  7  8  9 |
---------------+----------------------------+-----
Fighting       | 4 5 6 7 8 9 |  9.1
Armour         | 5 9 11 | 11.5
Maces & Flails | 4 |  4.6
Long Blades    | |  1.7
Shields        | |  3.2

Action                   |  1- 3 |  4- 6 |  7- 9 | 10-12 || total
-------------------------+-------+-------+-------+-------++-------
Melee: Long sword        |   100 |   188 |       |       ||   288
       Flail             |       |       |   499 |    34 ||   533
  Use: Scroll            |       |       |     4 |       ||     4
  Eat: Chunk             |       |     6 |     8 |       ||    14
       Ration            |       |       |     6 |       ||     6
Armor: Scale mail        |    51 |   103 |   499 |    85 ||   738
Dodge: Dodged            |    36 |    61 |   228 |    13 ||   338
Block: Shield            |    36 |    91 |   344 |    34 ||   505
       Rpst.: Long sword |     9 |    20 |       |       ||    29
